 Dungeon Crawl Stone Soup version 0.25-a0-544-gee0576305d (webtiles) character file.

Game seed: 6294853889159667279, levelgen mode: deterministic

9 Lugonue the Insei (level 1, 0/13 HPs)
             Began as a Demigod Transmuter on Feb 20, 2020.
             Slain by a kobold
             ... wielding a +0 short sword
              (3 damage)
             ... on level 1 of the Dungeon.
             The game lasted 00:01:13 (357 turns).

Lugonue the Insei (Demigod Transmuter)               Turns: 357, Time: 00:01:13

Health: 0/13       AC:  2    Str: 13    XL:     1   Next: 86%
Magic:  5/5        EV: 12    Int: 17    God:
Gold:   22         SH:  0    Dex: 18    Spells: 2/3 levels left

rFire    . . .     SeeInvis .     - Unarmed
rCold    . . .     Gourm    .   (no shield)
rNeg     . . .     Faith    .   b - +0 robe
rPois    .         Spirit   .   (no helmet)
rElec    .         Reflect  .   (no cloak)
rCorr    .         Harm     .   (no gloves)
MR       .....                  (no boots)
Stlth    ++........             (no amulet)
HPRegen  0.04/turn              (no ring)
MPRegen  0.09/turn              (no ring)

@: no status effects
A: thin skeletal structure 1, frail 1, high mp 1, evolution 1
a: no special abilities


You were on level 1 of the Dungeon.
You were not hungry.

You visited 1 branch of the dungeon, and saw 1 of its levels.

You collected 22 gold pieces.

Inventory:

Missiles
 a - 12 arrows
Armour
 b - a +0 robe (worn)
Scrolls
 c - a scroll of teleportation {unknown}
Comestibles
 d - 2 rations


   Skills:
 + Level 0.8 Fighting
 + Level 1.8 Dodging
 + Level 3.0 Unarmed Combat
 + Level 1.8 Spellcasting
 + Level 2.0 Transmutations


You had 2 spell levels left.
You knew the following spells:

 Your Spells              Type           Power        Failure   Level  Hunger
a - Beastly Appendage     Tmut           #.....       9%          1    #......

Your spell library contained the following spells:

 Spells                   Type           Power        Failure   Level  Hunger
 Sticks to Snakes         Tmut           #.......     13%         2    ###....
 Spider Form              Tmut/Pois      #.........   36%         3    ###....
 Ice Form                 Ice/Tmut       #.......     78%         4    #####..
 Blade Hands              Tmut           #.........   93%         5    ######.


Dungeon Overview and Level Annotations

Branches:
Dungeon (1/15)


Innate Abilities, Weirdness & Mutations

You have an increased reservoir of magic. (+10% MP)
You have a somewhat thin skeletal structure. (Dex +2, Stealth)
You are frail. (-10% HP)
You evolve.


Message History

You are too injured to fight recklessly!
You hit the ooze but do no damage.
The ooze is severely wounded.
The ooze jiggles.
The ooze barely misses you.
The hobgoblin hits you but does no damage.
Your talons disappear.
The ooze hits you.
* * * LOW HITPOINT WARNING * * *
It was a potion of mutation.
You feel extremely strange.
You feel frail.
Your bones become slightly less dense.
You feel nature experimenting on you.
Don't worry, failures die fast.
The ooze misses you.
There is a stone staircase leading down here.
A dart slug comes into view.
A kobold comes into view. It is wielding a +0 short sword.
The kobold barely misses you.
There is a stone staircase leading down here.
The kobold hits you with a +0 short sword.
You die...

...... ..#.#.. ......
#...#.#.......
......##..#.....#.#.#
..............#.##.#.####
.........#...#...........#
.........#..# #..........#
.......†...# #..........####
#....##..####..............
#...........@....).....#
######.#.....###K..........#
........w...####J...........#
.........#.........†###.##..#
.......###....g....## ..# ...
.....w.# #.........#####.# ..
.......# ######.#...#..... #
.....w.# #.##.)#.# #..
.......# #>##....##


You could see an ooze and a kobold.

Vanquished Creatures
  A dart slug (D:1)
  A leopard gecko (D:1)
  A bat (D:1)
  A giant cockroach (D:1)
  2 kobolds (D:1)
6 creatures vanquished.

Notes
Turn   | Place    | Note
-------+----------+-------------------------------------------
     0 | D:1      | Lugonue the Demigod Transmuter began the quest for the Orb.
     0 | D:1      | Reached XP level 1. HP: 15/15 MP: 5/5
   300 | D:1      | Reached skill level 3 in Unarmed Combat
   309 | D:1      | Gained mutation: You are frail. (-10% HP) [potion of
                  | mutation]
   309 | D:1      | Gained mutation: You have a somewhat thin skeletal
                  | structure. (Dex +2, Stealth) [potion of mutation]
   309 | D:1      | Gained mutation: You evolve. [potion of mutation]
   357 | D:1      | Slain by a kobold

Levels and vault maps discovered:
D:1:      nicolae_arrival_memento_mori, layout_rooms

Skill      XL: |  1 |
---------------+----+-----
Transmutations | 2 |  2.0
Unarmed Combat | 3 |  3.0
Fighting       | |  0.8
Dodging        | |  1.8
Spellcasting   | |  1.8

Action                   || total
-------------------------++-------
Melee: Unarmed           ||    19
       Kick              ||     1
       Headbutt          ||     1
       Punch             ||     1
 Cast: Beastly Appendage ||     4
  Use: Potion            ||     1
Armor: Robe              ||     5
Dodge: Dodged            ||    13

Table legend:
 A = Non-vault XP
 B = Vault XP
 C = Vault XP percentage of total XP
 D = Non-vault monster count
 E = Vault monster count
 F = Vault count percentage of total count
                 A         B        C        D         E       F
            +---------+---------+-------+---------+---------+-------
      Total |      13 |       0 |   0.0 |       6 |       0 |   0.0
            +---------+---------+-------+---------+---------+-------
        D:1 |      13 |       0 |   0.0 |       6 |       0 |   0.0
            +---------+---------+-------+---------+---------+-------
